 Dungeon Crawl Stone Soup version 0.26.1-2-gb8aa6d0cf2 (webtiles) character file.

Game seed: 3016341255770420271

154 littlecub the Firebug (level 5, -5/41 HPs)
             Began as a Draconian Fire Elementalist on Feb 9, 2021.
             Killed by divine providence
             ... invoked by an orc priest
              (12 damage)
             ... on level 3 of the Dungeon.
             The game lasted 00:04:52 (3331 turns).

littlecub the Firebug (Draconian Fire Elementalist) Turns: 3331, Time: 00:04:53

Health: -5/41      AC:  5    Str: 11    XL:     5   Next: 13%
Magic:  10/18      EV: 12    Int: 15    God:
Gold:   175        SH:  0    Dex: 12    Spells: 8/9 levels left

rFire    + . .     SeeInvis .   a - +0 whip (holy)
rCold    + . .     Faith    .   (no shield)
rNeg     . . .     Spirit   .   (armour unavailable)
rPois    .         Reflect  .   (helmet restricted)
rElec    .         Harm     .   g - scarf {rC+ rF+}
rCorr    .         Rampage  .   (no gloves)
Will     .....                  (no boots)
Stlth    ++........             (no amulet)
HPRegen  0.13/turn              n - ring of magical power
MPRegen  0.16/turn              (no ring)

@: no status effects
A: unfitting armour, cold-blooded, AC +5
a: no special abilities


You were on level 3 of the Dungeon.
You visited 1 branch of the dungeon, and saw 4 of its levels.

You collected 175 gold pieces.

Inventory:

Hand Weapons
 a - a +0 whip of holy wrath (weapon)
Armour
 g - a scarf of resistance (worn)
Jewellery
 n - a ring of magical power (left hand)
Scrolls
 b - 2 scrolls of enchant armour
 c - 5 scrolls of magic mapping {unknown}
 d - 3 scrolls of remove curse
 e - 3 scrolls of identify {unknown}
 f - 2 scrolls of blinking {unknown}
 i - 2 scrolls of teleportation {unknown}
 k - a scroll of random uselessness {unknown}
 m - a scroll of fog {unknown}
Potions
 h - a potion of heal wounds {unknown}
 j - a potion of haste {unknown}
 l - 2 potions of curing {unknown}


   Skills:
 + Level 2.0 Fighting
 - Level 1.7 Dodging
 - Level 1.7 Stealth
 + Level 2.7 Spellcasting
 * Level 2.9 Conjurations
 * Level 4.1 Fire Magic


You had 8 spell levels left.
You knew the following spells:

 Your Spells              Type           Power        Failure   Level
a - Foxfire               Conj/Fire      48%          4%          1

Your spell library contained the following spells:

 Spells                   Type           Power        Failure   Level
 Conjure Flame            Conj/Fire      12%          14%         3
 Inner Flame              Hex/Fire       8%           26%         3
 Sticky Flame             Conj/Fire      12%          43%         4
 Fireball                 Conj/Fire      6%           80%         5


Dungeon Overview and Level Annotations

Branches:
Dungeon (4/15)
 Temple: D:4-7

Altars:
Okawaru
Wu Jian


Innate Abilities, Weirdness & Mutations

Your plain brown scales are hard. (AC +5)
You cannot fit into any form of body armour.
You are cold-blooded and may be slowed by cold attacks.


Message History

You barely miss the orc priest.
The foxfire hits the orc priest.
The orc priest is lightly wounded.
The foxfire hits the orc priest.
The orc priest is heavily wounded.
The foxfire hits the orc priest but does no damage.
The orc priest is heavily wounded.
The orc priest misses you.
Casting: Foxfire (safe; 4% risk of failure)
Press: ? - help, Q - select action Dir - look around, f - activate You conjure some foxfire!
The orc priest hits you with a +0 whip!
* * * LOW HITPOINT WARNING * * *
Casting: Foxfire (safe; 4% risk of failure)
Press: ? - help, Q - select action Dir - look around, f - activate You conjure some foxfire!
The foxfire hits the orc priest but does no damage.
The orc priest is heavily wounded.
The orc priest mumbles some strange prayers to Beogh against you.
Beogh smites you!
You die...

#.# ######.##.##.## ..#
#...........#.# #.##
#.####.##.#..## ...# #.#
##.#.#.## ...# #.#####.....##
#..# #.##.........#
.#.######.##.#.......#
#..#.........#..vv...#
..........####.o@v...#
....>###### #.####..# ######
#.# #..# # #.# #..#
##############.####..########
............................#
##..........................##
##.#########.#####...........#
...# #.# #.#..####.#.#


You could see an orc priest.

Vanquished Creatures
  An orc wizard (D:3)
  6 adders
  A worm (D:2)
  A dart slug (D:2)
  3 leopard geckos
  6 orcs
  2 ball pythons (D:2)
  4 bats
  7 giant cockroaches
  9 hobgoblins
  2 quokkas
  2 frilled lizards
  A goblin (D:1)
  5 kobolds
  10 rats
60 creatures vanquished.

Vanquished Creatures (others)
  108 foxfires
108 creatures vanquished.

Grand Total: 168 creatures vanquished

Notes
Turn   | Place    | Note
-------+----------+-------------------------------------------
     0 | D:1      | littlecub the Draconian Fire Elementalist began the quest
                  | for the Orb.
     0 | D:1      | Reached XP level 1. HP: 14/14 MP: 3/3
   331 | D:1      | Reached XP level 2. HP: 22/22 MP: 5/5
  1047 | D:2      | Reached skill level 1 in Fighting
  1190 | D:2      | Reached XP level 3. HP: 25/28 MP: 6/6
  1227 | D:2      | Found an ornate altar of the Wu Jian Council.
  1415 | D:2      | Found an iron altar of Okawaru.
  2345 | D:2      | Reached XP level 4. HP: 35/35 MP: 4/7
  2720 | D:3      | Found a faded altar of an unknown god.
  2937 | D:3      | Reached skill level 4 in Fire Magic
  2937 | D:3      | Reached XP level 5. HP: 40/41 MP: 3/9
  3331 | D:3      | Killed from afar by an orc priest

Illustrated notes

Levels and vault maps discovered:
D:1:      dpeg_arrival_erosion, layout_basic
D:2:      layout_loops_cross, nicolae_overflow_hidden_temple, okawaru_trees_1
D:3:      layout_loops_ring, chequers_ecumenical_altar_simple_redux,
          chequers_serial_rivers_small_b
D:4:      layout_layer_cave, uniq_robin

Skill      XL: |  1  2  3  4  5 |
---------------+----------------+-----
Fighting       | 1 2 |  2.0
Conjurations   | 2 |  2.9
Fire Magic     | 4 |  4.1
Dodging        | |  1.7
Stealth        | |  1.7
Spellcasting   | |  2.7

Action                   |  1- 3 |  4- 6 || total
-------------------------+-------+-------++-------
Melee: Whip              |   126 |    30 ||   156
       Unarmed           |     1 |       ||     1
       Tailslap          |     6 |     4 ||    10
 Cast: Foxfire           |    37 |    34 ||    71
  Use: Scroll            |       |     2 ||     2
 Stab: Sleeping          |     3 |     1 ||     4
Armor: Skin              |    33 |     8 ||    41
Dodge: Dodged            |   111 |    26 ||   137
